 Dungeon Crawl Stone Soup version 0.31-a0-193-gdfe2569204 (webtiles) character file.

Game seed: 17897660672347893108

5849 qw the Markself (level 10, -6/59 HPs)
             Began as a Deep Elf Hunter on June 23, 2023.
             Was a Believer of Okawaru.
             Shot with an arrow by a centaur warrior (13 damage)
             ... on level 9 of the Dungeon.
             The game lasted 00:03:18 (7835 turns).

qw the Markself (Deep Elf Hunter)                   Turns: 7835, Time: 00:03:18

Health: -6/59      AC: 11    Str: 17    XL:     10   Next: 51%
Magic:  13/15      EV: 21    Int: 10    God:    Okawaru [**....]
Gold:   246        SH:  0    Dex: 24    Spells: 9/9 levels left

rFire   . . .        r - +5 orcbow (heavy)
rCold   . . .        (shield currently unavailable)
rNeg    + + +        d - +0 ring mail
rPois   +            e - +0 helmet
rElec   .            l - +0 cloak
rCorr   .            b - +0 pair of gloves
SInv    +            x - +0 pair of boots
Will    +....        j - amulet of Lorghela {Faith Harm rC- rN+++ Int-4}
Stlth   +++          k - ring "Rogazal" {Fly rC+ Dex+2 SInv}
HPRegen 0.29/turn    h - +6 ring of strength
MPRegen 0.14/turn

%: harm (+30% outgoing, +20% incoming), faith
@: heroic, flying
A: agile 1, poison resistance, MP-powered wands
a: Renounce Religion, Heroism


You were on level 9 of the Dungeon.
You worshipped Okawaru.
Okawaru was pleased with you.
You visited 2 branches of the dungeon, and saw 10 of its levels.
You also visited: Sewer.

You collected 613 gold pieces.
You spent 367 gold pieces at shops.


Innate Abilities, Weirdness & Mutations

You are agile. (Dex +4, Str/Int -1)
Your system is resistant to poisons. (rPois)
You expend magic power (3 MP) to strengthen your wands.


   Skills:
 - Level 5.3(10.3) Fighting
 - Level 16.0(21.0) Ranged Weapons
 - Level 2.3(7.3) Armour
 + Level 8.5(13.5) Dodging
 - Level 1.2(6.2) Stealth
 - Level 4.2 Invocations


You had 9 spell levels left.
You didn't know any spells.
Your spell library was empty.

Inventory:

Hand Weapons
 r - a +5 heavy orcbow (weapon)
Armour
 b - a +0 pair of gloves (worn)
 d - a +0 ring mail (worn)
 e - a +0 helmet (worn)
 l - a +0 cloak (worn)
 x - a +0 pair of boots (worn)
Jewellery
 h - a +6 ring of strength (right hand)
 j - the amulet of Lorghela (around neck) {Faith Harm rC- rN+++ Int-4}
   (You found it on level 8 of the Dungeon)

   [amulet of faith]

   It allows you to gain divine favour quickly.
   Int:       It affects your intelligence (-4).
   rC:        It makes you vulnerable to cold.
   rN:        It renders you almost immune to negative energy.
   Harm:      It increases damage dealt and taken.
 k - the ring "Rogazal" (left hand) {Fly rC+ Dex+2 SInv}
   (You found it on level 2 of the Dungeon)

   [ring of flight]

   Dex:       It affects your dexterity (+2).
   rC:        It protects you from cold.
   SInv:      It lets you see invisible.
   Fly:       It grants you flight.
 o - a ring of see invisible
 t - a +5 ring of evasion
 u - an amulet of reflection
Scrolls
 a - 5 scrolls of identify
 m - 4 scrolls of teleportation
 q - 4 scrolls of brand weapon
Potions
 c - 3 potions of enlightenment
 f - a potion of mutation
 g - 4 potions of haste
 i - 3 potions of resistance
 n - 4 potions of curing
 p - 2 potions of cancellation
 s - a potion of might

Dungeon Overview and Level Annotations

Branches:
Dungeon (9/15)             Temple (1/1) D:7           Sewer (visited)
   Lair: D:8-11         Orc: D:9-12

Altars:
Ashenzari
Cheibriados
Dithmenos
Elyvilon
Gozag
Hepliaklqana
Kikubaaqudgha
Makhleb
Okawaru
Qazlal
Ru
Sif Muna
Trog
Uskayaw
Vehumet
Wu Jian
Xom
Yredelemnul
Zin
The Shining One

Shops:
D:3 (!(   D:6 *[   D:9 ?


Message History

A wraith comes into view.
Enter note:
Enter note:
Enter note:
Enter note:
Enter note:
Enter note:
Enter note:
Enter note:
Enter note: You shoot an arrow.
The arrow hits the wraith!!
You destroy the wraith!
Okawaru accepts your kill.
You reach down and open the door.
A centaur warrior comes into view.
The centaur warrior shouts!
The centaur warrior wields a +0 shortbow.
The centaur warrior shoots an arrow.
The arrow hits you.
The centaur warrior shoots an arrow.
The arrow hits you!
Enter note:
Enter note:
Enter note:
Enter note:
Enter note:
Enter note:
Enter note:
Enter note:
Enter note: You shoot an arrow.
The arrow hits the centaur warrior!!
The centaur warrior is severely wounded.
The centaur warrior shoots an arrow.
The arrow hits you!
7834 ||| INVOKING Heroism.
You gain the combat prowess of a mighty hero.
The centaur warrior shoots an arrow.
The arrow hits you.
The centaur warrior shoots an arrow.
The arrow hits you!!
You shoot an arrow. The arrow hits the centaur warrior!
The centaur warrior is almost dead.
The centaur warrior shoots an arrow.
The arrow hits you!
The centaur warrior shoots an arrow.
The arrow hits you!
You die...

#......
#.....# +
#.....# ..
#.....# c..
#.....# ....
#.....# .....
#.....#......
#....@'......
#.....#......
#.....# .....
#.....# ....
#.....####+###
#.....'......#
#.....#......#
#.....#......#
#.....#......#


You could see a centaur warrior.

Vanquished Creatures
  A two-headed ogre (D:9)
  Pikel (D:6)
  Joseph (D:8)
  A hornet (D:9)
  Prince Ribbit (D:7)
  Sigmund (D:3)
  A wyvern (D:7)
  A wraith (D:9)
  2 steam dragons
  Menkaure (D:7)
  2 water moccasins
  2 black bears
  A sky beast (D:7)
  3 orc warriors
  3 ice beasts
  2 ogres
  2 centaurs
  A lemure (D:6)
  2 phantoms
  A kobold brigand (D:9)
  4 bullfrogs
  2 scorpions
  3 wights (D:6)
  4 killer bees (D:9)
  4 hounds
  2 jellies
  5 orc priests
  A sleepcap (D:6)
  5 iguanas
  3 orc wizards
  6 gnolls
  15 adders
  5 river rats (Sewer)
  A white imp (D:8)
  An ufetubus (D:6)
  2 worms
  3 dart slugs
  29 orcs
  12 bats
  3 endoplasms
  6 giant cockroaches
  8 goblins
  10 hobgoblins
  11 quokkas
  16 ball pythons
  10 frilled lizards
  8 kobolds
  31 rats
240 creatures vanquished.

Notes
Turn   | Place    | Note
-------+----------+-------------------------------------------
     0 | D:1      | qw the Deep Elf Hunter began the quest for the Orb.
     0 | D:1      | Reached XP level 1. HP: 12/12 MP: 3/3
     0 | D:1      | 0 ||| qw: Version: 0.3-a-9-g12657ce
     0 | D:1      | 0 ||| qw: Game counter: 4631
     0 | D:1      | 0 ||| qw: Always use a shield: true
     0 | D:1      | 0 ||| qw: God list: Okawaru
     0 | D:1      | 0 ||| qw: Allow faded altars: false
     0 | D:1      | 0 ||| qw: Do Orc after D:15 true
     0 | D:1      | 0 ||| qw: Do second Lair branch before Depths: true
     0 | D:1      | 0 ||| qw: Lair rune preference: random
     0 | D:1      | 0 ||| qw: Plans: Normal
     0 | D:1      | 0 ||| PLANNING D:1-11
   127 | D:1      | Reached XP level 2. HP: 16/16 MP: 4/4
   142 | D:1      | Reached skill level 6 in Ranged Weapons
   644 | D:1      | Reached XP level 3. HP: 20/20 MP: 5/5
   775 | D:1      | 775 ||| UPGRADING to +0 ring mail.
   785 | D:1      | 785 ||| DROPPING +0 leather armour.
   786 | D:1      | 786 ||| UPGRADING to +0 helmet.
   791 | D:1      | 791 ||| READING scroll labelled SOCWUTYSKUTS.
   792 | D:1      | 792 ||| DROPPING scroll of butterflies.
   830 | D:2      | Found a glowing silver altar of Zin.
  1066 | D:2      | Reached skill level 7 in Ranged Weapons
  1245 | D:2      | Reached XP level 4. HP: 15/25 MP: 6/6
  1647 | D:2      | Identified the ring "Rogazal" {Fly rC+ Dex+2 SInv}
  1968 | D:2      | 1968 ||| UPGRADING to +0 pair of gloves.
  1973 | D:2      | 1973 ||| UPGRADING to +0 cloak.
  1978 | D:2      | 1978 ||| UPGRADING to ring "Rogazal" {Fly rC+ Dex+2 SInv}.
  1979 | D:2      | 1979 ||| READING scroll labelled ASIARU RIWNOJO.
  1980 | D:2      | 1980 ||| READING scroll labelled ESCHUN HOUSCH.
  1980 | D:2      | Identified a scroll of acquirement
  1980 | D:2      | 1980 ||| ACQUIRING +5 orcbow of electrocution
  1980 | D:2      | Acquired a +5 orcbow of electrocution
  1982 | D:2      | 1982 ||| SWAPPING to +5 orcbow of electrocution.
  1983 | D:2      | 1983 ||| DROPPING +0 shortbow.
  1984 | D:2      | 1984 ||| READING scroll labelled ZECHAM HONKU.
  1985 | D:2      | 1985 ||| DRINKING 2 white potions.
  2050 | D:3      | 2050 ||| PLANNING SEWER
  2129 | D:3      | Reached skill level 8 in Ranged Weapons
  2212 | D:3      | Reached skill level 1 in Armour
  2216 | D:3      | Reached XP level 5. HP: 29/29 MP: 7/7
  2315 | D:3      | Found Esackaon's Weapon Boutique.
  2352 | D:3      | Found a glowing drain.
  2359 | D:3      | 2359 ||| DROPPING ring of wizardry.
  2360 | D:3      | 2360 ||| READING scroll labelled RYEJORGH HEATU.
  2363 | D:3      | Found Bylew's Distillery.
  2364 | D:3      | 2364 ||| Stepping randomly (stuck).
  2365 | D:3      | 2365 ||| Stepping randomly (stuck).
  2366 | D:3      | 2366 ||| Stepping randomly (stuck).
  2367 | D:3      | 2367 ||| Stepping randomly (stuck).
  2368 | D:3      | 2368 ||| Stepping randomly (stuck).
  2369 | D:3      | 2369 ||| Stepping randomly (stuck).
  2370 | D:3      | 2370 ||| Stepping randomly (stuck).
  2371 | D:3      | 2371 ||| Stepping randomly (stuck).
  2372 | D:3      | 2372 ||| Stepping randomly (stuck).
  2373 | D:3      | 2373 ||| Stepping randomly (stuck).
  2373 | D:3      | Noticed Sigmund
  2376 | D:3      | Killed Sigmund
  2377 | D:3      | Reached skill level 9 in Ranged Weapons
  2377 | D:3      | Reached XP level 6. HP: 34/34 MP: 8/8
  2377 | D:3      | 2377 ||| Stepping randomly (stuck).
  2378 | D:3      | 2378 ||| Stepping randomly (stuck).
  2379 | D:3      | 2379 ||| Stepping randomly (stuck).
  2380 | D:3      | 2380 ||| Stepping randomly (stuck).
  2381 | D:3      | 2381 ||| Stepping randomly (stuck).
  2382 | D:3      | 2382 ||| Stepping randomly (stuck).
  2383 | D:3      | 2383 ||| Stepping randomly (stuck).
  2384 | D:3      | 2384 ||| Stepping randomly (stuck).
  2385 | D:3      | 2385 ||| Stepping randomly (stuck).
  2386 | D:3      | 2386 ||| Stepping randomly (stuck).
  2387 | D:3      | 2387 ||| Stepping randomly (stuck).
  2388 | D:3      | 2388 ||| Stepping randomly (stuck).
  2389 | D:3      | 2389 ||| Stepping randomly (stuck).
  2390 | D:3      | 2390 ||| Stepping randomly (stuck).
  2391 | D:3      | 2391 ||| Stepping randomly (stuck).
  2392 | D:3      | 2392 ||| Stepping randomly (stuck).
  2393 | D:3      | 2393 ||| Stepping randomly (stuck).
  2394 | D:3      | 2394 ||| Stepping randomly (stuck).
  2395 | D:3      | 2395 ||| Stepping randomly (stuck).
  2396 | D:3      | 2396 ||| Stepping randomly (stuck).
  2397 | D:3      | 2397 ||| Stepping randomly (stuck).
  2398 | D:3      | 2398 ||| Stepping randomly (stuck).
  2399 | D:3      | 2399 ||| Stepping randomly (stuck).
  2400 | D:3      | 2400 ||| Stepping randomly (stuck).
  2401 | D:3      | 2401 ||| Stepping randomly (stuck).
  2402 | D:3      | 2402 ||| Stepping randomly (stuck).
  2403 | D:3      | 2403 ||| Stepping randomly (stuck).
  2404 | D:3      | 2404 ||| Stepping randomly (stuck).
  2405 | D:3      | 2405 ||| Stepping randomly (stuck).
  2406 | D:3      | 2406 ||| Stepping randomly (stuck).
  2407 | D:3      | 2407 ||| Stepping randomly (stuck).
  2408 | D:3      | 2408 ||| Stepping randomly (stuck).
  2409 | D:3      | 2409 ||| Stepping randomly (stuck).
  2410 | D:3      | 2410 ||| Stepping randomly (stuck).
  2411 | D:3      | 2411 ||| Stepping randomly (stuck).
  2513 | Sewer    | Entered a sewer
  2666 | Sewer    | Reached skill level 3 in Dodging
  2742 | Sewer    | Reached skill level 10 in Ranged Weapons
  2748 | Sewer    | Reached XP level 7. HP: 19/40 MP: 9/9
  2864 | Sewer    | 2864 ||| READING scroll labelled OQUL HIFUONGOC.
  2865 | Sewer    | 2865 ||| DRINKING 2 fizzy red potions.
  2865 | Sewer    | Gained mutation: You expend magic power (3 MP) to
                  | strengthen your wands. [potion of mutation]
  2865 | Sewer    | Gained mutation: You are agile. (Dex +4, Str/Int -1)
                  | [potion of mutation]
  2865 | Sewer    | Gained mutation: Your system is resistant to poisons.
                  | (rPois) [potion of mutation]
  2866 | Sewer    | 2866 ||| DRINKING 4 fizzy grey potions.
  2870 | D:3      | 2870 ||| PLANNING D:1-11
  2945 | D:3      | 2945 ||| BUYING 2 potions of curing (66 gold).
  2945 | D:3      | Bought 2 potions of curing for 66 gold pieces
  2945 | D:3      | 2945 ||| BUYING potion of cancellation (88 gold).
  2945 | D:3      | Bought a potion of cancellation for 88 gold pieces
  2945 | D:3      | 2945 ||| BUYING potion of curing (33 gold).
  2945 | D:3      | Bought a potion of curing for 33 gold pieces
  2945 | D:3      | 2945 ||| SHOPLISTING potion of curing (33 gold, have 8).
  2945 | D:3      | 2945 ||| SHOPLISTING potion of haste (110 gold, have 8).
  2945 | D:3      | 2945 ||| SHOPLISTING potion of heal wounds (55 gold, have
                  | 8).
  2945 | D:3      | 2945 ||| SHOPLISTING potion of mutation (88 gold, have 8).
  3238 | D:3      | Found Jonarphu's Antique Weapon Boutique.
  3243 | D:3      | 3243 ||| SHOPLISTING runed arbalest (180 gold, have 18).
  3369 | D:4      | Reached skill level 11 in Ranged Weapons
  3376 | D:4      | Found a broken altar of Ashenzari.
  3388 | D:4      | 3388 ||| FLEEEEING.
  3389 | D:4      | 3389 ||| FLEEEEING.
  3396 | D:4      | 3396 ||| FLEEEEING.
  3397 | D:4      | 3397 ||| FLEEEEING.
  3398 | D:4      | 3398 ||| FLEEEEING.
  3399 | D:4      | 3399 ||| FLEEEEING.
  3751 | D:4      | Reached skill level 12 in Ranged Weapons
  4028 | D:4      | 4028 ||| READING scroll labelled KYHI WUJAKOFA.
  4029 | D:4      | 4029 ||| DRINKING 2 coppery potions.
  4030 | D:4      | 4030 ||| DRINKING 2 golden potions.
  4071 | D:4      | 4071 ||| DROPPING potion of attraction.
  4072 | D:4      | 4072 ||| DROPPING potion of lignification.
  4123 | D:5      | Entered Level 5 of the Dungeon
  4139 | D:5      | Reached XP level 8. HP: 45/45 MP: 10/10
  4230 | D:5      | HP: 7/45 [centaur/arrow (10)]
  4231 | D:5      | Reached skill level 3 in Fighting
  4231 | D:5      | 4231 ||| READING 2 scrolls of teleportation.
  4504 | D:5      | Reached skill level 13 in Ranged Weapons
  4730 | D:5      | 4730 ||| UPGRADING to +6 ring of strength.
  4731 | D:5      | 4731 ||| READING 4 scrolls labelled EVVINU XALUKOA.
  4732 | D:5      | 4732 ||| READING 3 scrolls of brand weapon.
  4732 | D:5      | 4732 ||| BRANDING +5 orcbow of draining.
  4733 | D:5      | 4733 ||| READING scroll labelled OPLAISM YSOTU.
  4780 | D:6      | 4780 ||| Stepping ~*~*~tactically~*~*~ (outnumbered).
  4782 | D:6      | 4782 ||| Stepping ~*~*~tactically~*~*~ (outnumbered).
  4807 | D:6      | Reached skill level 6 in Dodging
  4916 | D:6      | Noticed Pikel
  4920 | D:6      | Killed Pikel
  4921 | D:6      | Reached skill level 14 in Ranged Weapons
  4921 | D:6      | Reached XP level 9. HP: 51/51 MP: 11/11
  5119 | D:6      | Found Singem's Antique Armour Shop.
  5125 | D:6      | 5125 ||| SHOPLISTING ancient robe (205 gold, have 174).
  5125 | D:6      | 5125 ||| SHOPLISTING bloodstained robe (205 gold, have
                  | 174).
  5125 | D:6      | 5125 ||| SHOPLISTING glimmering leather armour (252 gold,
                  | have 174).
  5125 | D:6      | 5125 ||| SHOPLISTING glowing ring mail (252 gold, have
                  | 174).
  5125 | D:6      | 5125 ||| SHOPLISTING glowing scale mail (252 gold, have
                  | 174).
  5125 | D:6      | 5125 ||| SHOPLISTING pair of embroidered boots (270 gold,
                  | have 174).
  5125 | D:6      | 5125 ||| SHOPLISTING runed leather armour (180 gold, have
                  | 174).
  5313 | D:6      | Reached skill level 15 in Ranged Weapons
  5380 | D:6      | Found Wiyr's Serpentskin Sales.
  5460 | D:6      | 5460 ||| UPGRADING to +0 pair of boots.
  5465 | D:6      | 5465 ||| DROPPING +6 ring of intelligence.
  5466 | D:6      | 5466 ||| READING 2 scrolls labelled XERIRCH ECVEUTH.
  5467 | D:6      | 5467 ||| READING scroll labelled HEURPH UNYH.
  5468 | D:6      | 5468 ||| READING scroll labelled KUWOZUKEIFF.
  5469 | D:6      | 5469 ||| READING 3 scrolls of identify.
  5469 | D:6      | 5469 ||| IDENTIFYING fizzy yellow potion
  5470 | D:6      | 5470 ||| READING 2 scrolls of identify.
  5470 | D:6      | 5470 ||| IDENTIFYING pink potion
  5471 | D:6      | 5471 ||| DROPPING potion of degeneration.
  5472 | D:6      | 5472 ||| DROPPING potion of brilliance.
  5473 | D:6      | 5473 ||| DROPPING scroll of revelation.
  5503 | D:7      | Found a flagged portal.
  5513 | D:7      | Noticed Menkaure
  5518 | D:7      | Killed Menkaure
  5527 | D:7      | Found a snail-covered altar of Cheibriados.
  5668 | D:7      | Found a staircase to the Ecumenical Temple.
  5669 | D:7      | 5669 ||| PLANNING TEMPLE
  5669 | D:7      | 5669 ||| READING scroll labelled SOAF JIVEI.
  5670 | D:7      | 5670 ||| READING 3 scrolls of identify.
  5670 | D:7      | 5670 ||| IDENTIFYING brown potion
  5671 | D:7      | 5671 ||| DROPPING potion of invisibility.
  5678 | D:7      | Noticed Prince Ribbit
  5680 | D:7      | Killed Prince Ribbit
  5682 | Temple   | Entered the Ecumenical Temple
  5707 | Temple   | 5707 ||| PLANNING OKAWARU WORSHIP
  5919 | Temple   | Became a worshipper of Warmaster Okawaru
  5920 | Temple   | 5920 ||| PLANNING D:1-11
  5989 | D:7      | 5989 ||| Stepping ~*~*~tactically~*~*~ (cloud).
  6215 | D:7      | Reached skill level 16 in Ranged Weapons
  6377 | D:7      | 6377 ||| READING scroll labelled HEIH OLAIRPH.
  6478 | D:7      | 6478 ||| READING scroll labelled KURINA OBBOOTT.
  6479 | D:7      | 6479 ||| READING 2 scrolls of identify.
  6479 | D:7      | 6479 ||| IDENTIFYING cyan potion
  6521 | D:8      | 6521 ||| STAIRDANCE
  6644 | D:8      | Noticed Joseph
  6647 | D:8      | 6647 ||| FLEEEEING.
  6652 | D:8      | 6652 ||| FLEEEEING.
  6653 | D:8      | 6653 ||| FLEEEEING.
  6658 | D:8      | 6658 ||| STAIRDANCE
  6708 | D:8      | 6708 ||| STAIRDANCE
  6771 | D:8      | 6771 ||| STAIRDANCE
  6804 | D:8      | Killed Joseph
  6804 | D:8      | Reached * piety under Okawaru
  6805 | D:8      | Reached XP level 10. HP: 54/56 MP: 12/12
  6877 | D:8      | Identified the amulet of Lorghela {Faith Harm rC- rN+++
                  | Int-4}
  6905 | D:8      | Found a hide-covered altar of Uskayaw.
  7006 | D:8      | 7006 ||| DRINKING 4 potions of curing.
  7006 | D:8      | 7006 ||| (to cure confusion)
  7008 | D:8      | Reached skill level 1 in Invocations
  7203 | D:8      | 7203 ||| INVOKING Heroism.
  7313 | D:8      | Found a sacrificial altar of Ru.
  7317 | D:8      | Found a hazy altar of Hepliaklqana.
  7428 | D:8      | 7428 ||| UPGRADING to amulet of Lorghela {Faith Harm rC-
                  | rN+++ Int-4}.
  7433 | D:8      | 7433 ||| READING scroll labelled KIRPHI EPTIENLIMNO.
  7434 | D:8      | 7434 ||| READING 3 scrolls of identify.
  7434 | D:8      | 7434 ||| IDENTIFYING sedimented amethyst potion
  7566 | D:9      | 7566 ||| INVOKING Heroism.
  7574 | D:9      | Reached skill level 3 in Invocations
  7612 | D:9      | Found a radiant altar of Vehumet.
  7615 | D:9      | Found an ornate altar of the Wu Jian Council.
  7687 | D:9      | Found Hiefeha's Magic Scroll Shop.
  7690 | D:9      | 7690 ||| BUYING scroll of identify (30 gold).
  7690 | D:9      | Bought a scroll of identify for 30 gold pieces
  7690 | D:9      | 7690 ||| BUYING scroll of identify (30 gold).
  7690 | D:9      | Bought a scroll of identify for 30 gold pieces
  7690 | D:9      | 7690 ||| BUYING scroll of identify (30 gold).
  7690 | D:9      | Bought a scroll of identify for 30 gold pieces
  7690 | D:9      | 7690 ||| BUYING scroll of teleportation (45 gold).
  7690 | D:9      | Bought a scroll of teleportation for 45 gold pieces
  7690 | D:9      | 7690 ||| BUYING scroll of teleportation (45 gold).
  7690 | D:9      | Bought a scroll of teleportation for 45 gold pieces
  7769 | D:9      | Noticed a two-headed ogre
  7770 | D:9      | 7770 ||| INVOKING Heroism.
  7773 | D:9      | Killed a two-headed ogre
  7773 | D:9      | Reached ** piety under Okawaru
  7774 | D:9      | 7774 ||| Stepping ~*~*~tactically~*~*~ (cloud).
  7779 | D:9      | 7779 ||| Stepping ~*~*~tactically~*~*~ (cloud).
  7832 | D:9      | Noticed a centaur warrior
  7834 | D:9      | 7834 ||| INVOKING Heroism.
  7835 | D:9      | HP: 7/59 [centaur warrior/arrow (10)]
  7835 | D:9      | Shot with an arrow by a centaur warrior

Levels and vault maps discovered:
D:1:      psy_arrival_wood_between_worlds, layout_basic
D:2:      layout_basic, serial_curves, eino_curves_01, eino_curves_02,
          basic_altar, guppyfry_early_orc_mine
D:3:      minmay_door_path, layout_loops_ring, mainiacjoe_overflow_alcove_1,
          serial_shops, nicolae_shop_tiny_glass, nicolae_shop_stone, shop,
          gup_sewer_entry_pipe, uniq_sigmund
D:4:      layout_loops_ring, nicolae_ashenzari_skybound, serial_bayou,
          serial_bayou_pond_e, serial_bayou_pond_d, serial_bayou_ford_a,
          serial_bayou_pond_c, minmay_misc_feat_encased
D:5:      layout_basic
D:6:      layout_basic, serial_shops, nicolae_shop_waterfront,
          guppyfry_shop_venom, uniq_pikel
D:7:      layout_basic, mainiacjoe_overflow_small_starburst,
          minmay_temple_entry_waves, enter_bailey_2, minivault_5,
          uniq_prince_ribbit1, uniq_menkaure
D:8:      layout_basic, eat_drink_and_be_merry_uskayaw, minitemple,
          roderic_batcave, uniq_joseph
D:9:      layout_gridville, gammafunk_temple_overflow_statue, serial_shops,
          nicolae_shop_rolled_up
Temple:   oiseaux_autumnal_temple

Skill      XL: |  1  2  3  4  5  6  7  8  9 10 |
---------------+-------------------------------+-----
Ranged Weapons | 6 7 8 9 10 12 14 16 | 16.0
Armour         | 1 2 |  2.3
Fighting       | 2 3 4 5 |  5.3
Dodging        | 3 4 6 8 |  8.5
Invocations    | 4 |  4.2
Stealth        | |  1.2

Action                     |  1- 3 |  4- 6 |  7- 9 | 10-12 || total
---------------------------+-------+-------+-------+-------++-------
   Fire: Shortbow          |   101 |    72 |       |       ||   173
         Orcbow            |       |   123 |   222 |    51 ||   396
 Invoke: Heroism           |       |       |       |     4 ||     4
    Use: Scroll            |     1 |     4 |    16 |     2 ||    23
         Potion            |       |     1 |     4 |     1 ||     6
 Armour: Leather armour    |     2 |       |       |       ||     2
         Ring mail         |     7 |    45 |    25 |     2 ||    79
  Dodge: Dodged            |    17 |    63 |    49 |     9 ||   138

Table legend:
 A = Non-vault XP
 B = Vault XP
 C = Vault XP percentage of total XP
 D = Non-vault monster count
 E = Vault monster count
 F = Vault count percentage of total count
                 A         B        C        D         E       F
            +---------+---------+-------+---------+---------+-------
      Total |    5925 |    2431 |  29.1 |     159 |      80 |  33.5
            +---------+---------+-------+---------+---------+-------
        D:1 |      41 |       0 |   0.0 |      27 |       0 |   0.0
        D:2 |      81 |      16 |  16.5 |      18 |       7 |  28.0
        D:3 |     131 |     374 |  74.1 |      15 |      13 |  46.4
        D:4 |     405 |       0 |   0.0 |      20 |       0 |   0.0
        D:5 |     837 |       0 |   0.0 |      22 |       0 |   0.0
        D:6 |     928 |     777 |  45.6 |      16 |       3 |  15.8
        D:7 |    1050 |     431 |  29.1 |      14 |       2 |  12.5
        D:8 |     411 |     496 |  54.7 |      11 |       9 |  45.0
        D:9 |    2041 |       0 |   0.0 |      16 |       0 |   0.0
      Sewer |       0 |     337 | 100.0 |       0 |      46 | 100.0
            +---------+---------+-------+---------+---------+-------
